 Dungeon Crawl Stone Soup version 0.18.1-6-gd335043 (webtiles) character file.

20757 imganon the Severer (level 12, -19/121 HPs)
             Began as a Demonspawn Berserker on May 20, 2016.
             Was the Champion of Trog.
             Demolished by Rupert
             ... wielding a +2 great sword of holy wrath
              (25 damage)
             ... on level 5 of the Lair of Beasts.
             The game lasted 00:18:16 (12483 turns).

imganon the Severer (Demonspawn Berserker)         Turns: 12483, Time: 00:18:17

Health: -19/121    AC: 13    Str: 26      XL:     12   Next: 48%
Magic:  12/12      EV: 17    Int:  7 (9)  God:    Trog [******]
Gold:   603        SH:  0    Dex: 17      Spells: 0 memorised, 11 levels left

rFire  . . .     SeeInvis .     Y - +6 battleaxe "Aloceutt" {flame, MR+}
rCold  . . .     Gourm    .     N - +0 plate armour
rNeg   . . .     Faith    +     (shield currently unavailable)
rPois  .         Spirit   .     V - +0 helmet
rElec  .         Dismiss  .     (no cloak)
rCorr  .         Reflect  .     X - +0 pair of gloves
SustAt .         Harm     .     (no boots)
MR     +....                    p - amulet of faith
Stlth  ..........               n - +6 ring of evasion
                                a - +3 ring of dexterity

@: berserking, repel missiles, very quick, somewhat resistant to hostile
enchantments, extremely unstealthy
A: hooves 2, repulsion field 3, demonic guardian 1, spiny 2
a: Berserk, Trog's Hand, Brothers in Arms, Burn Spellbooks, Renounce Religion


You were on level 5 of the Lair of Beasts.
You worshipped Trog.
Trog was exalted by your worship.
You were not hungry.

You visited 2 branches of the dungeon, and saw 13 of its levels.

You collected 603 gold pieces.

Inventory:

Hand Weapons
 d - a +6 antimagic battleaxe
 Y - the +6 battleaxe "Aloceutt" (weapon) {flame, MR+}
   (Trog gifted it to you on level 1 of the Lair of Beasts)

   It has been specially enchanted to burn those struck by it, causing extra
   injury to most foes and up to half again as much damage against particularly
   susceptible opponents.
   Big, fiery blades are also staple armaments of hydra-hunters.
   It affects your resistance to hostile enchantments.
Armour
 w - the +0 robe of Lotekhat {rElec rN+ Str+2 Int-5}
   (You found it on level 1 of the Lair of Beasts)

   It affects your strength (+2).
   It affects your intelligence (-5).
   It insulates you from electricity.
   It protects you from negative energy.
 N - a +0 plate armour (worn)
 V - a +0 helmet (worn)
 X - a +0 pair of gloves (worn)
Jewellery
 a - a +3 ring of dexterity (left hand)
 n - a +6 ring of evasion (right hand)
 p - an amulet of faith (around neck)
 P - an uncursed amulet of the gourmand {unknown}
Wands
 e - a wand of teleportation (5/9)
 t - a wand of iceblast (2/15)
 x - a wand of acid (4/15)
 F - a wand of confusion (27/48)
 M - a wand of lightning (5/15)
 O - a wand of disintegration (9/24)
 Q - a wand of lightning (11/15)
 T - a wand of flame (38/48)
 Z - a wand of lightning (7/15)
Scrolls
 b - 3 scrolls of magic mapping {unknown}
 h - 2 scrolls of amnesia {unknown}
 j - 7 scrolls of remove curse {unknown}
 l - 19 scrolls of identify {unknown}
 m - 5 scrolls of enchant armour {unknown}
 q - 3 scrolls of enchant weapon {unknown}
 s - 4 scrolls of recharging {unknown}
 y - 2 scrolls of blinking {unknown}
 B - a scroll of fog {unknown}
 C - 2 scrolls of teleportation {unknown}
 D - 2 scrolls of random uselessness {unknown}
 E - a scroll of holy word {unknown}
 G - 2 scrolls of noise {unknown}
 R - 2 scrolls of immolation {unknown}
 S - 3 scrolls of fear {unknown}
Potions
 f - a potion of beneficial mutation {unknown}
 g - 2 potions of haste
 i - 3 potions of heal wounds
 o - a potion of mutation {unknown}
 v - a potion of resistance {unknown}
 z - a potion of flight {unknown}
 A - a potion of experience {unknown}
 I - 3 potions of magic {unknown}
 J - 2 potions of agility {unknown}
 L - a potion of might {unknown}
 U - 3 potions of cure mutation {unknown}
 W - a potion of lignification {unknown}
Comestibles
 c - 6 bread rations
 r - 2 royal jellies
 u - 3 beef jerkies
 H - 6 fruits
 K - 5 meat rations


   Skills:
 + Level 3.0 Fighting
 - Level 17.9 Axes
 + Level 1.9 Armour
 - Level 1.7 Dodging


You had 11 spell levels left.
You didn't know any spells.

Dungeon Overview and Level Annotations

Branches:
Dungeon (8/15)             Temple (0/1) D:6            Lair (5/8) D:8
  Snake (0/4) Lair:3
  Swamp: Lair:3-6    Shoals: Lair:3-6

Altars:
Ashenzari
Cheibriados
Dithmenos
Kikubaaqudgha
Nemelex Xobeh
Ru
Trog

Annotations:
Lair:5 Rupert


Innate Abilities, Weirdness & Mutations

You have hoof-like feet.
You are surrounded by a strong repulsion field (EV +4, rMsl).
A weak demonic guardian rushes to your aid.
You are mostly covered in sharp spines.


Message History

Your crimson imp blinks!
Unknown command.
You closely miss Rupert. You kick Rupert.
Rupert is lightly wounded.
Rupert hits you with a great sword of holy wrath!
* * * LOW HITPOINT WARNING * * *
You convulse!
* * * LOW HITPOINT WARNING * * *
Unknown command.
Unknown command.
Unknown command.
You hit Rupert. You burn Rupert. You kick Rupert.
Rupert is moderately wounded.
Unknown command.
Unknown command.
Your plate armour prevents you from hitting Rupert.
You kick Rupert.
Rupert is moderately wounded.
Rupert hits you with a great sword of holy wrath!!
You die...

#......##
#.<....P#
##(.....##
##.......##
#..(......#
##........#
#5.....P.#
#.......P#
#.@.....P#
##@.5....#
#.......#
#.......#
#.....!.#
#........
.........
#........


You could see Rupert (berserk), a friendly crimson imp and a friendly ufetubus.

Vanquished Creatures
  The ghost of Zleub the Shield-Bearer, a journeyman HuFi of Okawaru (Lair:1)
  3 hydras (Lair:4)
  Nergalle (Lair:3)
  A hill giant (D:8)
  A griffon (Lair:2)
  A black mamba (Lair:1)
  9 spiny frogs
  3 komodo dragons
  The ghost of Chiseanne the Nimble, a novice SpHu of Okawaru (D:7)
  14 blink frogs
  The ghost of georgeearnest the Chopper, an amateur HOGl of Gozag (D:3)
  5 hippogriffs
  2 basilisks
  19 yaks
  A steam dragon (Lair:3)
  3 nagas (Lair:3)
  8 water moccasins
  4 porcupines
  2 orc warriors (D:8)
  3 ice beasts
  A black bear (D:8)
  2 sky beasts
  6 ogres
  2 centaurs
  4 crocodiles
  13 giant frogs
  2 scorpions (D:5)
  3 wights (D:8)
  An electric eel (Lair:1)
  A vampire bat (D:8)
  3 howler monkeys
  3 crimson imps
  A giant frog zombie (D:7)
  3 hounds
  2 jellies
  4 orc priests
  4 orc wizards
  A centaur skeleton (D:8)
  7 hell rats (Lair:4)
  4 iguanas
  3 worker ants
  A worker ant zombie (D:8)
  A gnoll (D:1)
  11 adders
  23 river rats
  3 worms
  2 dart slugs
  A giant gecko (D:1)
  40 orcs
  A bat skeleton (D:8)
  2 bat zombies (D:8)
  7 giant cockroaches
  5 goblins
  9 hobgoblins
  5 jackals
  7 quokkas
  2 ball pythons
  10 bats
  A giant gecko skeleton (D:7)
  5 giant newts
  A jackal skeleton (D:4)
  6 kobolds
  16 rats
  3 fungi
  A plant (Lair:2)
316 creatures vanquished.

Vanquished Creatures (collateral kills)
  2 blink frogs (Lair:1)
  A yak (Lair:1)
  A hippogriff (Lair:1)
  A porcupine (Lair:1)
  A sky beast (D:6)
  An orc warrior (D:7)
  An ice beast (D:4)
  An ogre (D:8)
  A phantom (D:8)
  A giant frog skeleton (D:8)
  A jelly (D:8)
  A centaur skeleton (D:4)
  A giant gecko zombie (D:8)
  2 rats (D:8)
16 creatures vanquished.

Vanquished Creatures (others)
  5 fungi
  3 plants
8 creatures vanquished.

Grand Total: 340 creatures vanquished

Notes
Turn   | Place    | Note
--------------------------------------------------------------
     0 | D:1      | imganon the Demonspawn Berserker began the quest for the Orb.
     0 | D:1      | Reached XP level 1. HP: 18/18 MP: 1/1
    68 | D:1      | Reached skill level 3 in Axes
    68 | D:1      | Gained mutation: A weak demonic guardian rushes to your aid. [demonic ancestry]
    68 | D:1      | Reached XP level 2. HP: 20/24 MP: 2/2
   772 | D:2      | Reached XP level 3. HP: 27/29 MP: 3/3
   820 | D:2      | Reached ** piety under Trog
   846 | D:2      | Reached skill level 4 in Axes
  1507 | D:2      | Gained mutation: You are surrounded by a mild repulsion field (EV +2). [demonic ancestry]
  1507 | D:2      | Reached XP level 4. HP: 35/35 MP: 4/4
  1762 | D:3      | Noticed georgeearnest's ghost (amateur HOGl)
  1770 | D:3      | Killed georgeearnest's ghost
  1770 | D:3      | Reached skill level 5 in Axes
  1770 | D:3      | Reached XP level 5. HP: 16/41 MP: 5/5
  2094 | D:3      | Found a sacrificial altar of Ru.
  2341 | D:3      | Reached skill level 6 in Axes
  2372 | D:3      | Reached *** piety under Trog
  2766 | D:4      | Found a sparkling altar of Nemelex Xobeh.
  2781 | D:4      | Gained mutation: You are partially covered in sharp spines. [demonic ancestry]
  2781 | D:4      | Reached XP level 6. HP: 47/47 MP: 6/6
  3170 | D:4      | Noticed an ice beast
  3177 | D:4      | Killed an ice beast
  3177 | D:4      | Reached skill level 7 in Axes
  3565 | D:4      | Found a bloodstained altar of Trog.
  3580 | D:4      | Gained mutation: You have large cloven feet. [demonic ancestry]
  3580 | D:4      | Reached XP level 7. HP: 52/52 MP: 7/7
  3644 | D:5      | Entered Level 5 of the Dungeon
  3650 | D:5      | Found a shattered altar of Ashenzari.
  3825 | D:5      | Reached skill level 8 in Axes
  4051 | D:5      | Reached **** piety under Trog
  4242 | D:5      | Reached skill level 9 in Axes
  4242 | D:5      | Gained mutation: You are surrounded by a moderate repulsion field (EV +3). [demonic ancestry]
  4242 | D:5      | Reached XP level 8. HP: 57/58 MP: 8/8
  4286 | D:5      | Found a shadowy altar of Dithmenos.
  4600 | D:6      | Found a snail-covered altar of Cheibriados.
  4616 | D:6      | Found a staircase to the Ecumenical Temple.
  4906 | D:6      | You fall through a shaft for 2 floors!
  4944 | D:8      | Reached skill level 10 in Axes
  5520 | D:7      | Noticed Chiseanne's ghost (novice SpHu)
  5522 | D:7      | Reached skill level 11 in Axes
  5522 | D:7      | Gained mutation: You are surrounded by a strong repulsion field (EV +4, rMsl). [demonic ancestry]
  5522 | D:7      | Reached XP level 9. HP: 46/63 MP: 9/9
  5541 | D:7      | Killed Chiseanne's ghost
  6224 | D:8      | Reached ***** piety under Trog
  6298 | D:8      | Noticed a hill giant
  6310 | D:8      | Killed a hill giant
  6310 | D:8      | Reached skill level 12 in Axes
  6408 | D:8      | Found a staircase to the Lair.
  6648 | D:8      | Reached skill level 13 in Axes
  6648 | D:8      | Reached XP level 10. HP: 50/70 MP: 10/10
  6664 | D:8      | Received a gift from Trog
  6847 | D:8      | Found an ancient bone altar of Kikubaaqudgha.
  7000 | Lair:1   | Entered Level 1 of the Lair of Beasts
  7068 | Lair:1   | Reached skill level 14 in Axes
  7122 | Lair:1   | HP: 3/70 [komodo dragon (13)]
  7463 | Lair:1   | Identified the Catalogue of the Feathery Mountains
  7531 | Lair:1   | Noticed a black mamba
  7541 | Lair:1   | Killed a black mamba
  7757 | Lair:1   | Reached skill level 15 in Axes
  7757 | Lair:1   | Gained mutation: You are mostly covered in sharp spines. [demonic ancestry]
  7757 | Lair:1   | Reached XP level 11. HP: 31/75 MP: 11/11
  8228 | Lair:1   | Noticed Zleub's ghost (journeyman HuFi)
  8239 | Lair:1   | Received a gift from Trog
  8244 | Lair:1   | Killed Zleub's ghost
  8381 | Lair:1   | Got a scorched battleaxe {god gift}
  8384 | Lair:1   | Identified the +6 battleaxe "Aloceutt" {flame, MR+} (Trog gifted it to you on level 1 of the Lair of Beasts)
  8728 | Lair:2   | Reached skill level 16 in Axes
  9327 | Lair:2   | Noticed a griffon
  9338 | Lair:2   | Killed a griffon
  9541 | Lair:3   | Found a staircase to the Snake Pit.
  9821 | Lair:3   | Noticed Nergalle
  9830 | Lair:3   | Killed Nergalle
 10106 | Lair:3   | Received a gift from Trog
 10106 | Lair:3   | Reached ****** piety under Trog
 10887 | Lair:4   | Noticed a five-headed hydra
 10888 | Lair:4   | Noticed a seven-headed hydra
 10893 | Lair:4   | Killed a three-headed hydra
 10893 | Lair:4   | Reached skill level 17 in Axes
 10893 | Lair:4   | Gained mutation: You have hoof-like feet. [demonic ancestry]
 10893 | Lair:4   | Reached XP level 12. HP: 42/81 MP: 12/12
 10895 | Lair:4   | Killed a three-headed hydra
 10895 | Lair:4   | Received a gift from Trog
 11242 | Lair:1   | Got a sheer robe
 11253 | Lair:1   | Identified the +0 robe of Lotekhat {rElec rN+ Str+2 Int-5} (You found it on level 1 of the Lair of Beasts)
 12009 | Lair:4   | Noticed a five-headed hydra
 12013 | Lair:4   | Killed a two-headed hydra
 12473 | Lair:5   | Noticed Rupert
 12481 | Lair:5   | HP: 5/121 [Rupert/great sword of holy wrath (16)]
 12483 | Lair:5   | Demolished by Rupert

Skill      XL: |  1  2  3  4  5  6  7  8  9 10 11 |
---------------+----------------------------------+-----
Axes           | 3 4 5 6 7 9 11 13 15 17 | 17.9
Fighting       | |  3.0
Armour         | |  1.9
Dodging        | |  1.7

Action                   |  1- 3 |  4- 6 |  7- 9 | 10-12 || total
-------------------------+-------+-------+-------+-------++-------
Melee: Hand axe          |   141 |    23 |       |       ||   164
       War axe           |       |   110 |   222 |   157 ||   489
       Kick              |       |       |    58 |    94 ||   152
       Battleaxe         |       |       |       |   173 ||   173
Invok: Berserk           |       |     2 |     3 |     5 ||    10
       Burn Spellbooks   |       |       |       |     2 ||     2
Evoke: Wand              |       |       |       |     2 ||     2
  Use: Potion            |       |       |       |     3 ||     3
 Stab: Distracted        |       |       |     1 |     5 ||     6
  Eat: Chunk             |     2 |     8 |    13 |    10 ||    33
       Fruit             |       |       |     2 |     7 ||     9
       Bread ration      |       |       |       |     1 ||     1
       Pizza             |       |       |       |     1 ||     1
Armor: Animal skin       |     7 |       |       |       ||     7
       Chain mail        |    62 |    69 |    66 |       ||   197
       Plate armour      |       |       |     8 |   117 ||   125
       Robe              |       |       |       |     1 ||     1
Dodge: Dodged            |    71 |    72 |   105 |   182 ||   430
       Deflected         |       |       |     1 |       ||     1
